 Dungeon Crawl Stone Soup version 0.14-a0-3315-g09e681a (webtiles) character file.

164 4tharraofdagon the Cudgeler (level 4, -10/43 HPs)
             Began as a Gargoyle Berserker on Mar 15, 2014.
             Was a Follower of Trog.
             Killed from afar by an orc wizard (12 damage)
             ... with a puff of frost
             ... on Level 5 of the Dungeon.
             The game lasted 00:03:04 (516 turns).

4tharraofdagon the Cudgeler (Gargoyle Berserker)     Turns: 516, Time: 00:03:04

HP -10/43        AC 10     Str 26      XL: 4   Next: 81%
MP   4/4         EV  9     Int  8      God: Trog [*.....]
Gold 59          SH  0     Dex  9      Spells:  0 memorised,  3 levels left

rFire  . . .     SeeInvis .     a - +0 mace
rCold  . . .     Clarity  .     f - +0 scale mail
rNeg   + . .     Conserve .     (no shield)
rPois  +         rCorr    .     (no helmet)
rElec  +         rRot     +     (no cloak)
SustAb . .       Spirit   .     (no gloves)
rMut   .         Warding  .     (no boots)
Saprov . . .     Stasis   .     (no amulet)
MR     .....                    (no ring)
                                (no ring)

@: berserking (expiring), very quick, not resistant to hostile enchantments,
extremely unstealthy
A: life protection 1, electricity resistance, unbreathing, petrification
resistance, AC +3
a: Burn Spellbooks, Berserk, Renounce Religion


You were on level 5 of the Dungeon.
You worshipped Trog.
Trog was aware of your devotion.
You were hungry.

You visited 1 branch of the dungeon, and saw 5 of its levels.

You collected 59 gold pieces.

Inventory:

Hand weapons
 a - a +0,+0 mace (weapon)
Armour
 b - a +0 animal skin
 f - a +0 scale mail (worn)
Comestibles
 c - a bread ration
 g - a pear
 j - a meat ration
Scrolls
 d - a scroll of enchant weapon I {unknown}
 e - 2 scrolls of remove curse {unknown}
 i - a scroll of teleportation {unknown}


   Skills:
 + Level 3.7 Fighting
 * Level 4.7 Maces & Flails
 + Level 3.5 Armour
 - Level 1.5 Dodging


You had 3 spell levels left.
You didn't know any spells.

Dungeon Overview and Level Annotations

Branches:
Dungeon (5/15)
 Temple: D:4-7

Altars:


Innate Abilities, Weirdness & Mutations

You are resistant to torment.
You are immune to poison.
Your stone body is very resilient (AC +3).
You resist negative energy.
You are resistant to electric shocks.
You can survive without breathing.
You are immune to petrification.


Message History

Unknown command.
You barely miss the orc wizard.
The orc wizard hits you but does no damage.
The goblin barely misses you. The orc hits you but does no damage.
Unknown command.
Unknown command.
You hit the orc wizard but do no damage.
The orc wizard barely misses you. The orc hits you but does no damage.
The goblin misses you.
The orc wizard hits you but does no damage.
Unknown command.
Unknown command.
Unknown command.
You hit the orc wizard.
The orc wizard is moderately wounded.
The orc hits you with a runed falchion.
* * * LOW HITPOINT WARNING * * *
The orc wizard casts a spell at you. The puff of frost hits you!
You die...

.#.### #.....# #.......
.. #......# . #......#
###### #. # #.....o#
#....#####.## #....oo#
#............
#....g@####....#.......
#....o................(
#.#....#####.###.......
.....### ###.##........
......#####.......######
.......................
#########.......######
#.......######
#.............


You could see an orc priest, an orc wizard, 2 orcs and a goblin.

Vanquished Creatures
  An orc wizard (D:5)
  An iguana (D:5)
  Terence (D:3)
  An adder (D:3)
  An orc zombie (D:3)
  2 giant geckos
  3 orcs (D:3)
  A giant cockroach (D:3)
  2 goblins
  3 hobgoblins
  A kobold (D:4)
  A bat (D:5)
  3 rats
21 creatures vanquished.

Notes
Turn   | Place    | Note
--------------------------------------------------------------
     0 | D:1      | 4tharraofdagon, the Gargoyle Berserker, began the quest for the Orb.
     0 | D:1      | Reached XP level 1. HP: 14/14 MP: 1/1
   103 | D:2      | Reached XP level 2. HP: 10/19 MP: 2/2
   174 | D:3      | Reached skill level 4 in Maces & Flails
   174 | D:3      | Reached XP level 3. HP: 10/23 MP: 3/3
   235 | D:3      | Noticed Terence
   270 | D:3      | Killed Terence
   384 | D:5      | Entered Level 5 of the Dungeon
   456 | D:5      | Reached XP level 4. HP: 6/28 MP: 4/4
   507 | D:5      | HP: 2/43 [orc/runed falchion (4)]
   516 | D:5      | HP: 2/43 [orc/runed falchion (1)]
   516 | D:5      | Killed from afar by an orc wizard

Action                   |  1- 3 |  4- 6 || total
-------------------------+-------+-------++-------
Melee: Mace              |    73 |    11 ||    84
Invok: Berserk           |     4 |     1 ||     5
  Use: Potion            |     1 |     2 ||     3
